 Dungeon Crawl Stone Soup version 0.13.0 (webtiles) character file.

1405 MirrMurr the Covert (level 8, -3/36 HPs)
             Began as a Spriggan Enchanter on Oct 12, 2013.
             Was a Follower of Ashenzari.
             Slain by an ice beast (14 damage)
             ... on Level 6 of the Dungeon.
             The game lasted 00:21:27 (6648 turns).

MirrMurr the Covert (Spriggan Enchanter)            Turns: 6648, Time: 00:21:28

HP  -3/36        AC  3     Str  9      XL: 8   Next: 18%
MP   9/23        EV 18     Int 16      God: Ashenzari [*.....]
Gold 227         SH  0     Dex 17      Spells:  3 memorised, 11 levels left

Res.Fire  : . . .   See Invis. : +   a - +3,+2 dagger (curse) {=f}
Res.Cold  : . . .   Warding    : .   b - +1 robe (curse)
Life Prot.: . . .   Conserve   : .   (shield restricted)
Res.Poison: .       Res.Corr.  : .   (helmet restricted)
Res.Elec. : .       Clarity    : .   (no cloak)
Sust.Abil.: + .     Spirit.Shd : .   (gloves unavailable)
Res.Mut.  : .       Stasis     : .   (boots unavailable)
Res.Rott. : .       Flight     : .   (no amulet)
Saprovore : . . .                    y - +3 ring of strength
                                     w - cursed ring of sustain abilities

@: very slightly contaminated, very quick, somewhat resistant to hostile
enchantments, extremely stealthy
A: unfitting armour, see invisible, herbivore 3, speed 3, slow metabolism 2
a: Renounce Religion


You were on level 6 of the Dungeon.
You worshipped Ashenzari.
Ashenzari was aware of your devotion.
You were not hungry.

You visited 2 branches of the dungeon, and saw 7 of its levels.

You collected 207 gold pieces.

Inventory:

Hand weapons
 a - a cursed +3,+2 dagger (weapon) {=f}
Missiles
 d - 5 darts (quivered)
Armour
 b - a cursed +1 robe (worn)
Comestibles
 j - an apple
 r - a pear
 t - 2 bread rations
 D - a choko
Scrolls
 f - 4 scrolls of teleportation
 g - 3 scrolls of identify
 h - 2 scrolls of fog
 i - a scroll of immolation {unknown}
 k - a scroll of silence {unknown}
 p - a scroll of fear
 q - a scroll of magic mapping
 s - a scroll of noise {unknown}
 x - a scroll of curse weapon
 A - a scroll of blinking
 B - a scroll of curse armour
 C - a scroll of recharging {unknown}
Jewellery
 w - a cursed ring of sustain abilities (left hand)
 y - a +3 ring of strength (right hand)
Potions
 e - a potion of porridge
 l - a potion of might
 n - 2 potions of invisibility
 o - 2 potions of heal wounds
 u - 4 potions of curing
 v - a potion of brilliance
 z - 2 potions of slowing {unknown}
 E - a potion of berserk rage {unknown}
 F - a potion of blood {unknown}
Books
 c - a book of Maledictions

   Spells                             Type                      Level
   *Corona                            Hexes                        1
   Sure Blade                         Hexes/Charms                 2
   *Ensorcelled Hibernation           Hexes/Ice                    2
   *Confuse                           Hexes                        3
   Enslavement                        Hexes                        4
   Invisibility                       Hexes                        6


   Skills:
 + Level 6.0 Short Blades
 - Level 1.1 Throwing
 - Level 3.0 Dodging
 + Level 10.3 Stealth
 + Level 5.4 Spellcasting
 * Level 4.2 Hexes


You had 11 spell levels left.
You knew the following spells:

 Your Spells              Type           Power        Failure   Level  Hunger
a - Ensorcelled Hibernat  Hex/Ice        ##....       12%         2    #......
b - Confuse               Hex            ###.....     10%         3    ###....
Z - Corona                Hex            ###....      2%          1    None


Dungeon Overview and Level Annotations

Branches:
Dungeon (6/27)             Temple (1/1) D:6             Orc (0/4) D:6

Altars:
Ashenzari
Cheibriados
Elyvilon
Kikubaaqudgha
Makhleb
Nemelex Xobeh
Okawaru
Sif Muna
Vehumet
Yredelemnul
Zin
the Shining One

Shops:
D:6 =}+

Annotations:
D:2 scroll behind lava
D:4 come back in force, Menkaure


Innate Abilities, Weirdness & Mutations

You are tiny and cannot use many weapons and most armour.
You have supernaturally acute eyesight.
You are a herbivore.
You cover ground extremely quickly.
You need consume almost no food.


Message History

Casting: Confuse
Confirm with . or Enter, or press ? or * to list all spells.
Aiming: Confuse
Press: ? - help, Shift-Dir - straight line, f/p - ice beast
Aim: an ice beast
Okay, then.
Casting: Confuse
Confirm with . or Enter, or press ? or * to list all spells.
Aiming: Confuse
Press: ? - help, Shift-Dir - straight line, f/p - ice beast
Aim: an ice beast The ice beast resists.
Casting: Confuse
Confirm with . or Enter, or press ? or * to list all spells.
Aiming: Confuse
Press: ? - help, Shift-Dir - straight line, f/p - ice beast
Aim: an ice beast The ice beast easily resists.
The ice beast hits you. The ice beast freezes you!
You die...

#.........# #.#
#..%......#.########.#
#.........#..........#
#..<......##########.#
#....................#
#.........############
#.........#
#.........#
#........@#
#....?...I#
#.........#
#.........#
#...[z....#
#.........#
#.........#
#.....#.#.#
######._.##


You could see an ice beast and a hound skeleton (dormant).

Vanquished Creatures
  The ghost of MirrMurr the Covert, an experienced SpEn of Ashenzari (D:6)
  An ogre (D:6)
  2 centaurs (D:5)
  Sigmund (D:5)
  4 crimson imps
  A quasit (D:5)
  3 hounds
  A scorpion (D:5)
  2 jellies
  An orc wizard (D:5)
  3 worker ants
  6 adders
  3 gnolls (D:5)
  An inept item mimic (D:6)
  2 giant eyeballs
  3 giant geckos
  2 orcs (D:3)
  4 ball pythons
  12 bats
  2 giant cockroaches
  5 goblins
  12 hobgoblins
  4 jackals
  4 quokkas
  A giant cockroach zombie (D:5)
  8 giant newts
  5 kobolds
  11 rats
105 creatures vanquished.

Notes
Turn   | Place    | Note
--------------------------------------------------------------
     0 | D:1      | MirrMurr, the Spriggan Enchanter, began the quest for the Orb.
     0 | D:1      | Reached XP level 1. HP: 9/9 MP: 4/4
   114 | D:1      | Reached skill level 4 in Stealth
   131 | D:1      | Reached XP level 2. HP: 13/13 MP: 6/6
   136 | D:1      | Learned a level 2 spell: Ensorcelled Hibernation
  1601 | D:2      | Reached skill level 5 in Stealth
  1626 | D:2      | Found a shattered altar of Ashenzari.
  1628 | D:2      | Reached XP level 3. HP: 16/16 MP: 9/9
  1686 | D:2      | Reached skill level 6 in Stealth
  1783 | D:2      | Became a worshipper of Ashenzari the Shackled
  2446 | D:2      | Found an ancient bone altar of Kikubaaqudgha.
  2596 | D:3      | Paralysed by a potion of paralysis for 3 turns
  2960 | D:3      | Found a burning altar of Makhleb.
  2974 | D:3      | Reached XP level 4. HP: 17/21 MP: 1/11
  3062 | D:3      | Noticed a balrug
  3366 | D:3      | Noticed a smoke demon
  3366 | D:3      | Noticed a neqoxec
  3543 | D:4      | Noticed Menkaure
  3748 | D:4      | Noticed a phantom
  4372 | D:5      | Entered Level 5 of the Dungeon
  4428 | D:5      | Reached skill level 7 in Stealth
  4460 | D:5      | Reached XP level 5. HP: 13/24 MP: 4/13
  4958 | D:5      | Noticed Sigmund
  4966 | D:5      | Killed Sigmund
  4966 | D:5      | Reached XP level 6. HP: 28/28 MP: 18/18
  5001 | D:5      | Reached skill level 8 in Stealth
  5077 | D:5      | Learned a level 3 spell: Confuse
  5270 | D:5      | Found a deep blue altar of Sif Muna.
  5491 | D:5      | Noticed a centaur
  5501 | D:5      | Killed a centaur
  5503 | D:5      | Reached XP level 7. HP: 18/32 MP: 13/21
  5617 | D:5      | Reached skill level 9 in Stealth
  5906 | D:6      | Found Cliablim's Gadget Boutique.
  5908 | D:6      | Noticed MirrMurr's ghost (experienced SpEn)
  5924 | D:6      | Killed MirrMurr's ghost
  5924 | D:6      | Reached skill level 5 in Short Blades
  5924 | D:6      | Reached skill level 10 in Stealth
  5938 | D:6      | Found a staircase to the Orcish Mines.
  5944 | D:6      | Reached skill level 5 in Spellcasting
  5946 | D:6      | Found Brael's Jewellery Boutique.
  5998 | D:6      | Reached XP level 8. HP: 36/36 MP: 7/23
  6245 | D:6      | Found a deep blue altar of Sif Muna.
  6328 | D:6      | Found Uzuwilea's Book Shop.
  6332 | D:6      | Found a staircase to the Ecumenical Temple.
  6349 | Temple   | Entered the Ecumenical Temple
  6630 | D:6      | Found a burning altar of Makhleb.
  6648 | D:6      | Slain by an ice beast

Action                   |  1- 3 |  4- 6 |  7- 9 || total
-------------------------+-------+-------+-------++-------
Melee: Dagger            |   175 |   129 |    55 ||   359
 Cast: Ensorcelled Hiber |     8 |    20 |    17 ||    45
       Confuse           |       |     8 |     7 ||    15
  Use: Potion            |     3 |     2 |       ||     5
       Scroll            |     6 |     4 |     7 ||    17
 Stab: Sleeping          |    13 |    20 |    15 ||    48
       Invisible         |       |     2 |       ||     2
       Distracted        |       |     1 |       ||     1
       Confused          |       |     1 |     1 ||     2
